 Seeded DCSS version 0.30.1-4-g462c640d31 (webtiles) character file.

Game seed: 3435400356256217011 (custom seed)

12630 Mickster the Severer (level 11, -4/99 HPs)
             Began as a Hill Orc Berserker on Aug 25, 2023.
             Was a Believer of Trog.
             Slain by a skyshark (24 damage)
             ... on level 3 of the Lair of Beasts.
             The game lasted 00:56:22 (10038 turns).

Mickster the Severer (Hill Orc Berserker)          Turns: 10038, Time: 00:56:23

Health: -4/99      AC: 19    Str: 25    XL:     11   Next: 96%
Magic:  11/11      EV: 11    Int:  7    God:    Trog [**....]
Gold:   315        SH:  0    Dex: 10    Spells: 10/10 levels left

rFire   . . .        J - +4 battleaxe (freeze)
rCold   . . .        (shield currently unavailable)
rNeg    . . .        d - +4 scale mail
rPois   .            K - +1 helmet
rElec   .            x - +1 cloak
rCorr   +            (no gloves)
SInv    .            B - +1 pair of boots
Will    ++...        A - amulet of faith Stlth
                     n - ring of flight
HPRegen 1.36/turn    C - ring of resist corrosion
MPRegen 0.12/turn

%: faith
@: strong-willed, on berserk cooldown, flying, regenerating, slowed, very slow
A: no striking features
a: Renounce Religion, Berserk, Trog's Hand


You were on level 3 of the Lair of Beasts.
You worshipped Trog.
Trog was pleased with you.
You visited 2 branches of the dungeon, and saw 11 of its levels.

You collected 441 gold pieces.
You spent 126 gold pieces at shops.

Inventory:

Hand Weapons
 a - a +0 hand axe of flaming
 b - a +4 dagger
 s - a +1 spear of flaming
 w - a +3 quarterstaff of chaos
 z - a +0 halberd of protection
 I - a +1 halberd
 J - a +4 battleaxe of freezing (weapon)
 M - a +2 vampiric dagger
Missiles
 c - a throwing net
 e - 7 poisoned darts (quivered)
Armour
 d - a +4 scale mail (worn)
 h - a +0 kite shield
 o - a +3 leather armour of poison resistance
 x - a +1 cloak (worn)
 B - a +1 pair of boots (worn)
 K - a +1 helmet (worn)
Jewellery
 k - a ring of positive energy
 n - a ring of flight (left hand)
 A - an amulet of faith (around neck)
 C - a ring of resist corrosion (right hand)
 R - a ring of magical power
Wands
 t - a wand of mindburst (31)
 u - a wand of polymorph (6)
 H - a wand of paralysis (11)
 O - a wand of roots (9)
 P - a wand of flame (13)
Scrolls
 f - 2 scrolls of identify
 l - 7 scrolls of teleportation
 p - 2 scrolls of fear
 y - a scroll of magic mapping
 E - 2 scrolls of amnesia
 N - 3 scrolls of blinking
 Q - a scroll of brand weapon
Potions
 g - a potion of magic {unknown}
 i - 3 potions of attraction
 j - 2 potions of mutation
 m - 5 potions of heal wounds
 q - 4 potions of flight
 r - a potion of cancellation {unknown}
 v - a potion of berserk rage {unknown}
 D - 3 potions of curing
 F - 5 potions of lignification {unknown}
 G - 4 potions of might {unknown}
 L - a potion of degeneration {unknown}


   Skills:
 + Level 9.7 Fighting
 * Level 18.1(18.2) Axes
 - Level 2.9(10.4) Polearms
 + Level 0.1 Throwing
 + Level 8.1 Armour
 + Level 4.2 Dodging
 + Level 1.0 Stealth
 + Level 4.5 Shields


You had 10 spell levels left.
You didn't know any spells.
Your spell library was empty.

Dungeon Overview and Level Annotations

Branches:
Dungeon (8/15)             Temple (0/1) D:5            Lair (3/5) D:8
  Swamp (0/4) Lair:2        Snake (0/4) Lair:2

Altars:
Zin

Shops:
D:6 [*

Annotations:
D:6 2 runed translucent doors, sunglassesatnite's ghost, novice MiBe


Message History

The skyshark is almost dead.
You completely miss the elephant.
You feel sick. The skyshark closely misses you. The skyshark tail-slaps you.
* * * LOW HITPOINT WARNING * * *
The skyshark tail-slaps you.
* * * LOW HITPOINT WARNING * * *
The elephant tramples you!
* * * LOW HITPOINT WARNING * * *
You are shoved backwards!
You feel much better.
You feel sick.
You are no longer poisoned.
The elephant tramples you but does no damage.
The elephant trunk-slaps you but does no damage.
The skyshark bites you but does no damage.
The skyshark barely misses you.
The skyshark tail-slaps you but does no damage.
Your skin crawls.
You feel strong-willed. The elephant tramples you.
You are shoved backwards!
Found a scroll of fear.
The elephant tramples you!
* * * LOW HITPOINT WARNING * * *
You are shoved backwards!
The elephant tramples you but does no damage.
The elephant trunk-slaps you but does no damage.
You slash the elephant! You freeze the elephant.
The elephant is heavily wounded.
You slice the elephant!! You freeze the elephant.
The skyshark is no longer moving slowly.
The elephant closely misses you. The elephant barely misses you. x2
The elephant trunk-slaps you but does no damage.
You slice the elephant!! You freeze the elephant!
The elephant is almost dead.
You slash the elephant! You freeze the elephant. You closely miss the skyshark.
The skyshark bites you but does no damage.
The skyshark barely misses you. The skyshark tail-slaps you!
* * * LOW HITPOINT WARNING * * *
The elephant tramples you.
* * * LOW HITPOINT WARNING * * *
You are shoved backwards!
The skyshark bites you!!
You die...

....................
....................
....................
#..<††..........
.#..............#
..........##....#.#
...........Y......?.
..........lY........
####..##.#.@...#.###
### ####.#### ###


You could see a skyshark (strong) and 2 elephants.

Vanquished Creatures
  A hydra (Lair:2)
  A two-headed ogre (D:8)
  3 elephants (Lair:3)
  3 cane toads
  3 komodo dragons
  2 rime drakes
  2 polar bears
  Grinder (D:3)
  A hornet (D:7)
  4 blink frogs (Lair:1)
  Sigmund (D:3)
  2 wyverns
  11 yaks (Lair:1)
  A steam dragon (D:7)
  3 nagas (Lair:2)
  The ghost of erynZofia the Sneak, an amateur KoBr (D:3)
  2 acid dragons (D:8)
  4 water moccasins
  A sky beast (D:7)
  3 orc warriors
  2 ice beasts (D:7)
  4 centaurs
  3 ogres
  A phantom (D:6)
  8 bullfrogs
  4 scorpions
  3 wights (D:6)
  14 killer bees
  3 howler monkeys
  3 hounds
  3 orc priests
  4 jellies
  Crazy Yiuf (D:3)
  A sleepcap (D:6)
  2 iguanas
  6 orc wizards
  7 gnolls
  2 adders
  4 shadow imps
  3 ufetubi
  5 worms
  A dart slug (D:1)
  17 orcs
  8 ball pythons
  6 endoplasms
  2 giant cockroaches (D:2)
  9 goblins
  9 hobgoblins
  3 jackals (D:2)
  5 kobolds
  A quokka (D:3)
  4 frilled lizards
  2 rats
200 creatures vanquished.

Notes
Turn   | Place    | Note
-------+----------+-------------------------------------------
     0 | D:1      | Mickster the Hill Orc Berserker began the quest for the
                  | Orb.
     0 | D:1      | Reached XP level 1. HP: 19/19 MP: 1/1
   275 | D:1      | Reached XP level 2. HP: 27/27 MP: 2/2
   983 | D:2      | Reached XP level 3. HP: 33/33 MP: 3/3
  1293 | D:2      | Reached skill level 5 in Axes
  1312 | D:2      | Reached ** piety under Trog
  1434 | D:2      | Reached XP level 4. HP: 39/40 MP: 4/4
  1820 | D:3      | Found a runed translucent door.
  1821 | D:3      | Noticed erynZofia's ghost (amateur KoBr)
  1836 | D:3      | Reached skill level 1 in Shields
  1885 | D:3      | Killed erynZofia's ghost
  1886 | D:3      | Reached skill level 6 in Axes
  1886 | D:3      | Reached XP level 5. HP: 47/47 MP: 5/5
  1886 | D:3      | Reached XP level 6. HP: 53/53 MP: 6/6
  2033 | D:3      | Noticed Grinder
  2056 | D:3      | Killed Grinder
  2057 | D:3      | Reached skill level 5 in Fighting
  2057 | D:3      | Reached skill level 7 in Axes
  2130 | D:3      | Reached XP level 7. HP: 52/61 MP: 7/7
  2152 | D:3      | Found a faded altar of an unknown god.
  2366 | D:3      | Noticed Sigmund
  2376 | D:3      | Killed Sigmund
  2377 | D:3      | Reached skill level 8 in Axes
  2535 | D:3      | Found a runed translucent door.
  2536 | D:3      | Noticed Crazy Yiuf
  2546 | D:3      | Killed Crazy Yiuf
  4088 | D:5      | Entered Level 5 of the Dungeon
  4133 | D:5      | Reached skill level 1 in Polearms
  4156 | D:5      | Reached XP level 8. HP: 58/69 MP: 8/8
  4249 | D:5      | Found a staircase to the Ecumenical Temple.
  4735 | D:5      | You are sucked into a shaft and drop 1 floor!
  4879 | D:6      | Reached skill level 9 in Axes
  4958 | D:6      | Reached skill level 5 in Armour
  4967 | D:6      | Reached XP level 9. HP: 38/78 MP: 9/9
  5168 | D:6      | Found a large runed translucent door.
  5168 | D:6      | Found a large runed translucent door.
  5291 | D:6      | Found Liakuax's Armour Emporium.
  5296 | D:6      | Bought a +1 helmet for 126 gold pieces
  5312 | D:6      | Found Ofodihuy's Evil Emporium.
  5360 | D:6      | Reached skill level 10 in Axes
  5423 | D:6      | Noticed sunglassesatnite's ghost (novice MiBe)
  5725 | D:7      | Reached skill level 11 in Axes
  5776 | D:7      | Noticed a hornet
  5779 | D:7      | Paralysed by a hornet for 1 turns
  5787 | D:7      | Killed a hornet
  5788 | D:7      | Reached skill level 12 in Axes
  6503 | D:8      | Reached skill level 13 in Axes
  6503 | D:8      | Reached XP level 10. HP: 86/86 MP: 10/10
  6578 | D:8      | Found a glowing silver altar of Zin.
  6613 | D:8      | Noticed a two-headed ogre
  6631 | D:8      | Killed a two-headed ogre
  6632 | D:8      | Reached skill level 14 in Axes
  7032 | D:8      | Found a staircase to the Lair.
  7491 | Lair:1   | Entered Level 1 of the Lair of Beasts
  7503 | Lair:1   | Reached skill level 15 in Axes
  7601 | Lair:1   | Noticed a cane toad
  7608 | Lair:1   | Killed a cane toad
  7679 | Lair:1   | Reached XP level 11. HP: 95/95 MP: 11/11
  7684 | Lair:1   | Reached skill level 16 in Axes
  8672 | Lair:1   | Reached skill level 17 in Axes
  9280 | Lair:2   | Noticed a six-headed hydra
  9287 | Lair:2   | Killed a nine-headed hydra
  9467 | Lair:2   | Found a staircase to the Swamp.
  9648 | Lair:2   | Found a staircase to the Snake Pit.
 10021 | Lair:3   | Noticed a skyshark
 10022 | Lair:3   | Reached skill level 1 in Stealth
 10026 | Lair:3   | Reached skill level 18 in Axes
 10038 | Lair:3   | Slain by a skyshark

Illustrated notes

Levels and vault maps discovered:
D:1:      amcnicky_arrival_abandoned_market, layout_loops_ring
D:2:      minmay_general_purpose_star, layout_basic, hangedman_decor_opposing
D:3:      layout_basic, ebering_ghost_inner_flame,
          shapermc_ecumenical_altar_notcrosses, uniq_grinder,
          uniq_crazy_yiuf_cottage, uniq_sigmund
D:4:      layout_loops_cross, serial_co_window_serial, co_window_corner_a,
          co_window_paths_a, co_window_of_opportunity_a, co_window_corner_a,
          co_window_corner_a, co_window_corner_b, co_window_corner_ca,
          co_window_of_opportunity_b, co_window_broadway_c, co_window_4corner_a,
          co_window_paths_d, glass_columns_b, glass_columns_a
D:5:      layout_loops_ring, minmay_temple_entry_large_hall
D:6:      layout_basic, ebering_ghost_disaster_area, serial_shops,
          nicolae_shop_hallway_stairs, nicolae_evil_shop
D:7:      layout_rooms
D:8:      layout_basic, marbit_many_paths, minmay_quadrilaterals
Lair:1:   layout_layer_cave, nicolae_volcano_entry_s_turn, serial_bayou_shore_a,
          grunt_megastairs_4
Lair:2:   layout_cave_pods, minmay_swamp_entry_worms,
          guppyfry_snake_entry_garden
Lair:3:   mu_elephants_graveyard, layout_long_grid

Skill      XL: |  1  2  3  4  5  6  7  8  9 10 11 |
---------------+----------------------------------+-----
Fighting       | 4 5 6 7 8 9 |  9.7
Axes           | 5 6 7 8 9 13 15 18 | 18.1
Shields        | 1 2 3 4 |  4.5
Armour         | 3 4 5 6 8 |  8.1
Dodging        | 2 3 4 |  4.2
Polearms       | 1 2 |  2.9
Stealth        | 1 |  1.0
Throwing       | |  0.1

Action                     |  1- 3 |  4- 6 |  7- 9 | 10-12 || total
---------------------------+-------+-------+-------+-------++-------
  Melee: Hand axe          |   126 |   102 |   134 |       ||   362
         Spear             |       |       |    74 |       ||    74
         Battleaxe         |       |       |    75 |   183 ||   258
  Throw: Dart              |       |       |     2 |       ||     2
 Invoke: Berserk           |     2 |     2 |    12 |    11 ||    27
         Trog's Hand       |       |     3 |     8 |     9 ||    20
    Use: Scroll            |     4 |     6 |    10 |     1 ||    21
         Potion            |       |       |       |     1 ||     1
 Armour: Animal skin       |     2 |       |       |       ||     2
         Scale mail        |    46 |    63 |   149 |   109 ||   367
  Dodge: Dodged            |    61 |    25 |   123 |   116 ||   325
  Block: Kite shield       |    21 |    31 |    81 |       ||   133
